 Dungeon Crawl Stone Soup version 0.23-a0-395-gcf17ac6 (webtiles) character file.

7 Azzok the Firebug (level 1, 0/13 HPs)
             Began as a Demonspawn Fire Elementalist on Nov 1, 2018.
             Slain by a jackal (1 damage)
             ... on level 1 of the Dungeon.
             The game lasted 00:00:37 (281 turns).

Azzok the Firebug (Demonspawn Fire Elementalist)     Turns: 281, Time: 00:00:37

Health: 0/13       AC:  2    Str:  8    XL:     1   Next: 83%
Magic:  0/3        EV: 12    Int: 16    God:
Gold:   0          SH:  0    Dex: 13    Spells: 3/4 levels left

rFire    . . .     SeeInvis .   f - +0 short sword
rCold    . . .     Gourm    .   (no shield)
rNeg     . . .     Faith    .   a - +0 robe
rPois    .         Spirit   .   (no helmet)
rElec    .         Reflect  .   (no cloak)
rCorr    .         Harm     .   (no gloves)
MR       .....                  (no boots)
Stlth    ++........             (no amulet)
HPRegen  0.04/turn              (no ring)
MPRegen  0.08/turn              (no ring)

@: no status effects
A: no striking features
a: no special abilities


You were on level 1 of the Dungeon.
You were not hungry.

You visited 1 branch of the dungeon, and saw 1 of its levels.

Inventory:

Hand Weapons
 f - a +0 short sword (weapon)
Armour
 a - a +0 robe (worn)
Scrolls
 d - a scroll of remove curse {unknown}
 e - a scroll of teleportation {unknown}
 g - a scroll of fog {unknown}
Potions
 b - a potion of might {unknown}
Comestibles
 c - a ration


   Skills:
 - Level 1.7 Dodging
 - Level 1.7 Stealth
 - Level 2.0 Spellcasting
 + Level 1.5 Conjurations
 + Level 2.9 Fire Magic


You had 3 spell levels left.
You knew the following spells:

 Your Spells              Type           Power        Failure   Level  Hunger
a - Flame Tongue          Conj/Fire      #....        9%          1    #......

Your spell library contained the following spells:

 Spells                   Type           Power        Failure   Level  Hunger
 Throw Flame              Conj/Fire      #.....       13%         2    ###....
 Conjure Flame            Conj/Fire      #.......     26%         3    ###....
 Inner Flame              Hex/Fire       #.......     34%         3    ###....
 Sticky Flame             Conj/Fire      #.......     63%         4    #####..
 Fireball                 Conj/Fire      #.........   93%         5    ######.


Dungeon Overview and Level Annotations

Branches:
Dungeon (1/15)

Altars:


Message History

You hit the jackal.
The jackal is heavily wounded.
The jackal closely misses you.
You hit the jackal but do no damage.
The jackal is heavily wounded.
The jackal bites you but does no damage.
The jackal bites you.
You barely miss the jackal.
The jackal is heavily wounded.
The jackal barely misses you.
You closely miss the jackal.
The jackal is heavily wounded.
The jackal bites you.
* * * LOW HITPOINT WARNING * * *
The jackal bites you.
* * * LOW HITPOINT WARNING * * *
You miss the jackal.
The jackal is heavily wounded.
The jackal bites you.
You die...

··▒▒▒▒▒▒▒▒▒··········▒▒▒▒▒·▒
··▒▒··········▒▒▒·▒··▒ ▒·▒
·······▒▒▒··········▒▒▒▒▒▒·▒▒▒▒▒▒
·······▒ ▒·▒·▒·▒▒·▒··············
·······▒ ▒·▒·▒··▒·▒·▒············
····)··▒▒▒·▒·▒··▒·▒·▒·▒▒▒▒▒·▒▒▒▒▒
·▒·····▒·······▒▒·▒··············
·▒·····▒·▒·▒·▒▒▒▒·▒·▒·▒▒▒▒▒·▒▒▒▒▒
··)··········)Kh@················
▒▒····▒····▒·▒▒▒▒▒··▒·····▒·▒▒▒▒▒
··············· ···▒·▒▒▒·▒·▒▒▒▒▒
·································
▒▒············▒·▒▒·▒▒·······▒▒▒▒▒
▒········▒▒····▒▒··╬·······▒▒▒▒▒
▒▒▒▒·▒·▒▒▒▒▒·▒·▒▒▒▒▒············
▒·▒·· ··▒·▒ ▒▒▒▒▒·▒▒▒▒▒▒▒
··(·······


You could see a jackal and a kobold.

Vanquished Creatures
  A bat (D:1)
  2 jackals (D:1)
  A frilled lizard (D:1)
  2 kobolds (D:1)
  A rat (D:1)
7 creatures vanquished.

Notes
Turn   | Place    | Note
-------+----------+-------------------------------------------
     0 | D:1      | Azzok the Demonspawn Fire Elementalist began the quest for
                  | the Orb.
     0 | D:1      | Reached XP level 1. HP: 13/13 MP: 3/3
   281 | D:1      | Slain by a jackal

Vault maps used:
D:1:      noname_arrival_rooms_in_the_neighbourhood, amethyst_killhole

Action                   || total
-------------------------++-------
Melee: Short sword       ||    12
 Cast: Flame Tongue      ||    11
Armor: Robe              ||     4
Dodge: Dodged            ||    20

Table legend:
 A = Non-vault XP
 B = Vault XP
 C = Vault XP percentage of total XP
 D = Non-vault monster count
 E = Vault monster count
 F = Vault count percentage of total count
                 A         B        C        D         E       F
            +---------+---------+-------+---------+---------+-------
      Total |      10 |       0 |   0.0 |       7 |       0 |   0.0
            +---------+---------+-------+---------+---------+-------
        D:1 |      10 |       0 |   0.0 |       7 |       0 |   0.0
            +---------+---------+-------+---------+---------+-------
